Map: Blueshift LE

Players

WayTeh

  • Race: Protoss Protoss
  • Spawn Location: 1:00

A.I. 1 (Very Easy) - Winner!

  • Race: Zerg Zerg
  • Spawn Location: 7:00

VOD

Have the link to the VOD?

Description

Time

  • Played on: Nov. 25, 2018, 1:46 a.m.
  • Length: 9:40
Show
View Real Time Build Order
Export as new Build Order

WayTeh Protoss 

Build Orders: 1 Gate Expand, Oracle Opening, Phoenix Opening 

Get SALT Encoding   

  12  0:01  Probe  
  13  0:13  Probe  
  14  0:21  Pylon  
  14  0:25  Probe  
  15  0:36  Probe  
  15  0:39  Gateway  
  16  0:44  Probe  
  17  0:50  Assimilator  
  17  0:53  Probe  
  18  1:06  Probe  
  19  1:18  Probe  
  20  1:27  Nexus  
  20  1:37  Cybernetics Core, Probe  
  21  1:43  Assimilator  
  21  1:50  Probe  
  21  1:53  Pylon  
  22  2:02  Probe  
  22  2:05  Adept  
  23  2:14  Probe  
  26  2:18  Stargate  
  26  2:23  Adept  
  26  2:26  Probe  
  26  2:27  Warp Gate  
  29  2:38  Probe  
  29  2:40  Probe  
  31  2:50  Probe  
  32  2:52  Probe, Adept  
  32  2:58  Phoenix  
  35  3:02  Probe  
  35  3:04  Probe  
  39  3:14  Probe, Gateway  
  39  3:16  Probe  
  41  3:23  Oracle  
  41  3:26  Probe  
  45  3:33  Probe, Pylon  
  46  3:45  Twilight Council  
  46  3:51  Probe x2, Pylon  
  48  4:01  Resonating Glaives  
  48  4:03  Probe x2, Gateway x2  
  50  4:18  Pylon  
  50  4:20  Probe  
  50  4:21  Probe  
  52  4:24  Nexus  
  52  4:27  Pylon  
  52  4:34  Adept  
  52  4:35  Adept  
  56  4:40  Assimilator  
  56  4:41  Assimilator, Probe  
  56  4:45  Probe  
  58  4:53  Probe  
  58  4:59  Adept x4  
  67  5:12  Robotics Facility  
  67  5:14  Robotics Facility  
  67  5:26  Adept x4  
  75  5:32  Probe x2  
  75  5:35  Probe  
  77  5:40  Probe  
  78  5:47  Probe  
  78  5:49  Probe  
  81  5:55  Immortal  
  82  5:58  Pylon  
  82  5:59  Probe  
  82  6:00  Shield Battery x2  
  82  6:01  Probe  
  82  6:04  Immortal  
  87  6:10  Forge  
  91  6:12  Probe x2  
  93  6:19  Pylon x2  
  93  6:22  Sentry x3  
  93  6:23  Sentry  
  101  6:30  Observer, Pylon  
  101  6:33  Protoss Ground Weapons Level 1  
  102  6:42  Pylon  
  102  6:47  Immortal  
  102  6:50  Immortal  
  110  6:59  Gateway  
  110  7:03  Gateway x2  
  110  7:04  Gateway  
  110  7:18  Adept x4  
  110  7:19  Immortal  
  110  7:21  Immortal  
  118  7:29  Assimilator  
  126  7:33  Assimilator  
  126  7:41  Pylon  
  126  7:43  Pylon  
  126  7:45  Pylon  
  126  7:55  Warp Prism  
  126  7:57  Observer  
  128  7:58  Adept x2  
  128  7:59  Adept  
  128  8:00  Adept x3  
  128  8:03  Adept x2  
  145  8:18  Probe  
  146  8:20  Probe x2  
  146  8:23  Sentry x4  
  156  8:29  Pylon  
  156  8:30  Probe, Pylon x2  
  156  8:31  Pylon  
  157  8:47  Probe x2  
  159  8:51  Adept x8  
  175  9:12  Templar Archives  
  175  9:15  Adept x7  
Show
View Real Time Build Order
Export as new Build Order

A.I. 1 (Very Easy) Zerg - Winner!

Build Orders: Hatch First 

Get SALT Encoding   

  12  0:00  Drone  
  13  0:12  Overlord  
  13  0:16  Drone  
  14  0:42  Hatchery  
  13  0:45  Drone  
  14  1:02  Spawning Pool  
  13  1:05  Drone  
  13  1:07  Extractor  
  13  1:12  Drone  
  14  1:19  Overlord  
  14  1:49  Queen, Zergling x2  
  14  1:52  Zergling x2  
  18  1:56  Roach Warren  
  18  2:01  Drone  
  18  2:05  Extractor  
  17  2:10  Drone  
  17  2:15  Zergling x2  
  19  2:20  Drone  
  20  2:27  Drone  
  21  2:34  Drone  
  22  2:41  Drone  
  23  2:48  Drone  
  24  2:55  Drone  
  24  2:58  Lair  
  25  3:26  Drone  
  26  3:33  Drone  
  27  3:39  Overlord  
  27  3:40  Drone  
  28  3:47  Drone  
  29  3:54  Drone  
  30  3:58  Spire  
  30  4:01  Overseer  
  30  4:02  Drone  
  30  4:07  Overseer  
  30  4:09  Drone  
  31  4:16  Drone  
  32  4:23  Drone  
  33  4:25  Overlord  
  33  4:31  Drone  
  34  4:38  Drone  
  35  4:45  Drone  
  36  4:46  Extractor  
  36  4:52  Extractor, Drone  
  36  4:59  Drone  
  36  5:06  Drone  
  37  5:10  Mutalisk  
  37  5:14  Drone  
  40  5:21  Drone  
  41  5:28  Drone  
  42  5:35  Drone  
  43  5:37  Overlord  
  43  5:42  Drone  
  44  5:49  Drone  
  45  5:51  Mutalisk  
  48  5:57  Drone  
  49  6:04  Drone  
  49  9:10  Zergling x2  
  43  9:21  Drone  
  40  9:28  Drone  
Tags
 
Add a new tag
Caveats
  • Supply blocks, unpowered buildings, or Contaminate may cause inaccurate times.
  • Supply counts are checked every 10 seconds.